 Dungeon Crawl Stone Soup version 0.31.0-12-g77e489cdc1 (webtiles) character file.

Game seed: 13461507995912068609

39 Killerpretzel the Changeling (level 3, -1/23 HPs)
             Began as an Octopode Shapeshifter on Mar 2, 2024.
             Slain by a quokka (3 damage)
             ... on level 2 of the Dungeon.
             The game lasted 00:00:36 (336 turns).

Killerpretzel the Changeling (Octopode Shapeshifter) Turns: 336, Time: 00:00:36

Health: -1/23      AC:  1    Str: 13    XL:     3   Next: 45%
Magic:  3/3        EV: 13    Int: 12    God:
Gold:   48         SH:  0    Dex: 13    Spells: 2/2 levels left

rFire   . .          .
                       - Unarmed
rCold   . . .        e - orb {*channel}
rNeg    . . .        (helmet currently unavailable)
rPois   .            (no amulet)
rElec   .            (no ring)
rCorr   .            (no ring)
SInv    .            (no ring)
Will    .....        (no ring)
Stlth   ++           (no ring)
HPRegen 0.23/turn    (no ring)
MPRegen 0.08/turn    (no ring)
                     (no ring)

%: channel magic (20%)
@: beast-form
A: beast (slay +2), almost no armour, amphibious, 8 rings, camouflage 1,
gelatinous body 1, (nimble swimmer 1), tentacles
a: Begin Untransformation


You were on level 2 of the Dungeon.
You were a hulking beast.
You visited 1 branch of the dungeon, and saw 2 of its levels.

You collected 48 gold pieces.

Inventory:

Armour
 e - an orb of energy (worn)
Jewellery
 g - a +6 ring of intelligence
 l - a +6 ring of intelligence
Talismans
 b - a beast talisman
 c - a flux talisman
Scrolls
 d - a scroll of amnesia {unknown}
 h - 2 scrolls of identify {unknown}
 i - a scroll of vulnerability {unknown}
Potions
 a - a potion of lignification
 f - a potion of invisibility {unknown}
 j - 2 potions of enlightenment {unknown}
 k - a potion of degeneration {unknown}


   Skills:
 + Level 1.6 Fighting
 + Level 2.3 Dodging
 + Level 3.3 Unarmed Combat
 * Level 3.5 Shapeshifting


You had 2 spell levels left.
You didn't know any spells.
Your spell library contained the following spells:

 Spells                   Type           Power      Damage    Failure   Level
 Apportation              Tloc           0%         N/A       54%         1
 Necrotise                Necr           0%         1d4       54%         1
 Sting                    Conj/Alch      0%         1d3       54%         1
 Summon Small Mammal      Summ           0%         N/A       54%         1


Dungeon Overview and Level Annotations

Branches:
Dungeon (1/15)

Altars:


Innate Abilities, Weirdness & Mutations

You are a hulking beast.
Your limbs bulge with bestial killing power. (Slay +2)
You cannot wear most types of armour.
You are amphibious.
You can wear up to eight rings at the same time.
Your skin changes colour to match your surroundings (Stealth+).
Your rubbery body absorbs attacks. (AC +1, EV +1)
((You are camouflaged when in or above water. (Stealth+)))
You have tentacles for arms and can constrict up to eight enemies at once.


Message History

You are too injured to fight recklessly!
You are too injured to fight recklessly!
You are too injured to fight recklessly!
There are monsters nearby!
You are too injured to fight recklessly!
You are too injured to fight recklessly!
You are too injured to fight recklessly!
You are too injured to fight recklessly!
You are too injured to fight recklessly!
You are too injured to fight recklessly!
You are too injured to fight recklessly!
You are too injured to fight recklessly!
You are too injured to fight recklessly!
You are too injured to fight recklessly!
There are monsters nearby!
You are too injured to fight recklessly!
You are too injured to fight recklessly!
You are too injured to fight recklessly!
You are too injured to fight recklessly!
You are too injured to fight recklessly!
You are too injured to fight recklessly!
You are too injured to fight recklessly!
You are too injured to fight recklessly!
You are too injured to fight recklessly!
You are too injured to fight recklessly!
There are monsters nearby!
You feel sick.
You feel sick.
You are no longer poisoned.
You tentacle-slap the quokka. Your grab misses the quokka.
The quokka is moderately wounded.
The endoplasm hits you. The quokka bites you.
You closely miss the quokka. You grab the quokka.
The quokka is moderately wounded.
You constrict the quokka. The endoplasm freezes you.
You are frozen.
* * * LOW HITPOINT WARNING * * *
The quokka bites you.
You die...

#.# #.# #.# #.# #.# #..
..# #.# #.. ### #.# #[#
#.# #.# #.# #.# #.#
###r# #. #.# ##..h# #.
#.# ##.⌠.J# #. #.#
##....†## #. #.###
#.⌠...†.# #.#####....
#....†..# #..).......
#...>)..## #..(.......
#........#####.########
#.⌠...⌠...$.....#
##.....#.#####..#


You could see an endoplasm and a quokka.

Vanquished Creatures
  2 adders (D:2)
  3 ball pythons
  An endoplasm (D:2)
  3 giant cockroaches
  A quokka (D:2)
  2 bats (D:2)
  3 goblins
  4 kobolds (D:1)
  3 rats (D:2)
22 creatures vanquished.

Notes
Turn   | Place    | Note
-------+----------+-------------------------------------------
     0 | D:1      | Killerpretzel the Octopode Shapeshifter began the quest for
                  | the Orb.
     0 | D:1      | Reached XP level 1. HP: 13/13 MP: 1/1
   122 | D:1      | Reached XP level 2. HP: 18/18 MP: 2/2
   183 | D:1      | You fall into a shaft and drop 1 floor!
   257 | D:2      | Reached XP level 3. HP: 21/23 MP: 3/3
   336 | D:2      | Slain by a quokka

Illustrated notes

Levels and vault maps discovered:
D:1:      lightli_arrival_lavapool, layout_basic, minmay_tetromino_i4
D:2:      layout_loops_ring, grunt_ministairs_2, uniq_robin, uniq_terence

Action                     || total
---------------------------++-------
  Melee: Unarmed           ||    33
         Constrict         ||     8
         Tentacles         ||     4
   Stab: Sleeping          ||     5
 Armour: Skin              ||    14
  Dodge: Dodged            ||    14
